 Dungeon Crawl Stone Soup version 0.22-a0-284-g99d1f74 (webtiles) character file.

57 grindst0ne the Skirmisher (level 3, 0/31 HPs)
             Began as a Demonspawn Chaos Knight on Mar 20, 2018.
             Killed from afar by an orc wizard (5 damage)
             ... with a magic dart
             ... on level 3 of the Dungeon.
             The game lasted 00:01:50 (1479 turns).

grindst0ne the Skirmisher (Demonspawn Chaos Knight) Turns: 1479, Time: 00:01:50

Health: 0/31       AC:  6    Str: 12    XL:     3   Next: 73%
Magic:  0/3        EV: 11    Int: 13    God:    Xom [.....*]
Gold:   95         SH:  0    Dex: 13    Spells: 2/2 levels left

rFire    . . .     SeeInvis .   a - +0 hand axe (chaos)
rCold    + . .     Gourm    .   (no shield)
rNeg     . . .     Faith    .   b - +2 leather armour
rPois    .         Spirit   +   (no helmet)
rElec    .         Reflect  .   (no cloak)
rCorr    .         Harm     .   (no gloves)
MR       .....                  h - +0 pair of boots
Stlth    +.........             f - amulet of guardian spirit
HPRegen  0.10/turn              (no ring)
MPRegen  0.08/turn              (no ring)

@: no status effects
A: cold resistance 1
a: Renounce Religion


You were on level 3 of the Dungeon.
You worshipped Xom.
You were Xom's teddy bear.
You were not hungry.

You visited 1 branch of the dungeon, and saw 3 of its levels.

You collected 95 gold pieces.

Inventory:

Hand Weapons
 a - a +0 hand axe of chaos (weapon)
Missiles
 n - 12 poisoned needles
 o - 2 tomahawks (quivered)
Armour
 b - a +2 leather armour (worn)
 h - a +0 pair of boots (worn)
Jewellery
 f - an amulet of guardian spirit (around neck)
Scrolls
 i - a scroll of amnesia {unknown}
 j - 2 scrolls of remove curse {unknown}
 l - 3 scrolls of identify {unknown}
Potions
 e - a potion of mutation {unknown}
 g - a potion of heal wounds {unknown}
 k - a potion of invisibility {unknown}
 m - 2 potions of curing {unknown}
 p - a potion of lignification {unknown}
 q - a potion of brilliance {unknown}
Comestibles
 c - 2 rations


   Skills:
 + Level 4.7 Fighting
 - Level 2.6 Axes
 - Level 1.7 Armour
 - Level 0.8 Dodging


You had 2 spell levels left.
You didn't know any spells.

Dungeon Overview and Level Annotations

Branches:
Dungeon (3/15)

Altars:
Okawaru


Innate Abilities, Weirdness & Mutations

Your flesh is cold resistant. (rC+)


Message History

You miss something.
Something hits you but does no damage. x2
You barely miss something. Something hits you but does no damage.
You hear some strange, mumbled words.
A puff of frost appears from out of thin air!
The puff of frost hits you! You resist.
You barely miss something. Something completely misses you.
You barely miss something. Something hits you.
You hear some strange, mumbled words.
A puff of flame appears from out of thin air!
The puff of flame hits you!
* * * LOW HITPOINT WARNING * * *
You closely miss something. Something hits you.
* * * LOW HITPOINT WARNING * * *
Something hits you but does no damage.
You miss something.
You hear some strange, mumbled words.
A magic dart appears from out of thin air!
The magic dart hits you!
You die... "This toy is broken."

###.........# [..
+......>....# ...
#.........####### ..
#...............# . ..
#....########.#.# ..
.####..#........#.. ...
..##..#.########.. ...
#{###.#........#.. ..
#@#...########.#..
...##$#)#...#........#..
......).....#.########..
.#....#.#.#.#........#..
######.#.#.########.#..
#.................
###.....#####.....
....... #..... ....#...
#.....


There were no monsters in sight!

Vanquished Creatures
  A gnoll (D:1)
  2 dart slugs (D:2)
  A dart slug (shapeshifter) (D:2)
  6 orcs (D:3)
  5 bats
  2 giant cockroaches
  3 goblins
  A hobgoblin (D:2)
  2 jackals (D:2)
  A ball python (D:2)
  3 frilled lizards
  3 kobolds (D:2)
  4 rats
34 creatures vanquished.

Notes
Turn   | Place    | Note
-------+----------+-------------------------------------------
     0 | D:1      | grindst0ne the Demonspawn Chaos Knight began the quest for the Orb.
     0 | D:1      | Reached XP level 1. HP: 18/18 MP: 1/1
   212 | D:1      | Gained mutation: Your flesh is cold resistant. (rC+) [demonic ancestry]
   212 | D:1      | Reached XP level 2. HP: 17/25 MP: 2/2
   384 | D:1      | XOM: harmless Ice miscast
   537 | D:1      | XOM: silly message
   604 | D:1      | Reached skill level 4 in Fighting
   640 | D:1      | Found an iron altar of Okawaru.
   775 | D:2      | XOM: 10-stop teleportation journey
   790 | D:2      | XOM: mild Conj miscast
   803 | D:2      | Reached XP level 3. HP: 23/30 MP: 1/3
   812 | D:2      | Found a faded altar of an unknown god.
   857 | D:2      | XOM: noise
  1457 | D:3      | XOM: chaos upgrade
  1479 | D:3      | Killed from afar by an orc wizard

Vault maps used:
D:1:      sevenhm_arrival_forest_fort_small_6
D:2:      chequers_ecumenical_altar_simple
D:3:      st_stairs_10, minivault_27, trog_book

Skill      XL: |  1  2 |
---------------+-------+-----
Fighting       | 4 |  4.7
Axes           | |  2.6
Armour         | |  1.7
Dodging        | |  0.8

Action                   || total
-------------------------++-------
Melee: Hand axe          ||    95
 Stab: Sleeping          ||     1
       Petrified         ||     1
  Eat: Chunk             ||     2
Armor: Leather armour    ||    37
Dodge: Dodged            ||    66

Table legend:
 A = Spawn XP
 B = Non-spawn XP
 C = Spawn XP percentage of total XP
 D = Spawn monster count
 E = Non-spawn monster count
 F = Spawn count percentage of total count
 G = Total turns spent on level
                    A         B        C        D         E        F      G
               +---------+---------+-------+---------+---------+-------+---------
         Total |       0 |      82 |   0.0 |       0 |      34 |   0.0 |  1479
               +---------+---------+-------+---------+---------+-------+---------
           D:1 |       0 |      30 |   0.0 |       0 |      11 |   0.0 |   716
           D:2 |       0 |      32 |   0.0 |       0 |      16 |   0.0 |   629
           D:3 |       0 |      20 |   0.0 |       0 |       7 |   0.0 |   134
               +---------+---------+-------+---------+---------+-------+---------
